Unix NetHack Version 3.7.0-59 Work-in-progress - last build Jun 15 2022 22:00:42 (ba19de5de9b105df43ec81f7b8aaf5e01ff60ae8,branch:master). Game began 2022-06-12 10:28:29, ended 2022-06-17 11:38:09. Numbgoon, neutral male human Tourist ------- ----- |....`|-- ------...| |.....-.| |........| --|.....|-| |(.......| |)%)%...-.| ----.------- |[|.*...|-| --.`..[....| |%|.....-(| |.`........| |.|.....|-- |..........| |)|------ --------.----- |)| |............| |%| |............| |.| |----.-------- |.| |.....).....| |.| |...........| |.| ------.------- |.----------------.......| |............@..).......>| -------------------------- Numbgoon the Excursionist St:13 Dx:12 Co:17 In:12 Wi:9 Ch:18 Neutral S:13474 Dlvl:2 $:2918 HP:67(77) Pw:24(24) AC:2 Xp:9/2646 T:7072 Latest messages: The large cat picks up a club. The large cat drops a club. $ - 86 gold pieces. The dog drops a soldier ant corpse. The dog steps reluctantly over 686 gold pieces. The large cat eats a small mimic corpse. You see a large dog appear where the large cat was! $ - 686 gold pieces. Pick an object. d a dog or other canine (tame large cat) Some text has been burned into the floor here. You read: "Elbereth". The scroll turns to dust as you pick it up. Call a scroll labeled VELOX NEB: scare monster In what direction? U - a scroll labeled ABRA KA DABRA. You swap places with your large cat. You see here a club. The dog picks up a scorpion corpse. You swap places with your large cat. The dog drops a scorpion corpse. The large cat picks up a club. You have a little trouble lifting a swirly potion. Continue? [ynq] (q) y You have a little trouble lifting K - a swirly potion. Your movements are slowed slightly because of your load. The dog picks up a scorpion corpse. What do you want to use or apply? [b-dlquwASTZ or ?*] b You put a clear potion into the bag called ordinary. You put a cloudy potion into the bag called ordinary. You put a sky blue potion into the bag called ordinary. You put 2 swirly potions into the bag called ordinary. You put a potion of invisibility into the bag called ordinary. Your movements are now unencumbered. The dog drops a scorpion corpse. There is an open door here. There are several objects here. You see here a runed arrow. There are several objects here. You see here a cockatrice corpse. You see here 2 throwing stars. You see here an ochre jelly corpse. You see here a throwing star. You see here a throwing star. x - a food ration. What do you want to call? [bdh-jl-pru-wzA-CFH-JMS-UW-Z or ?*] b Call a bag called ordinary: bag of holding What do you want to drink? [M or ?*] Never mind. Really quit? [yn] (n) y Do you want your possessions identified? [ynq] (y) q Major events: Turn 1: Numbgoon the neutral male human Tourist entered the dungeon 927: entered the Gnomish Mines 1013: attained the rank of Sightseer (level 3) 2183: reached Mine Town 2416: attained the rank of Excursionist (level 6) 2416: destroyed Kevkat's ghost, the former Acolyte 3698: bestowed with Mjollnir by The Lady 4137: entered Sokoban 4504: completed sokoban 1 5206: completed sokoban 2 5639: completed sokoban 3 6628: completed sokoban 4 7072: quit Inventory: Coins $ - 2918 gold pieces Weapons R - 2 +2 darts P - 3 +1 daggers G - a blessed +0 elven dagger V - a +0 elven dagger g - the rustproof +0 Mjollnir (weapon in hand) Armor W - an uncursed rusty +0 dwarvish iron helm (being worn) X - an uncursed +0 dwarvish roundshield (being worn) k - an uncursed +0 Hawaiian shirt with a bird of paradise motif (being worn) Q - a blessed +0 elven mithril-coat (being worn) Comestibles f - 2 uncursed slime molds O - an uncursed apple E - an uncursed banana s - an uncursed clove of garlic x - 3 uncursed food rations L - an uncursed lizard corpse Scrolls o - an uncursed scroll of confuse monster U - an uncursed scroll of confuse monster p - an uncursed scroll of destroy armor i - an uncursed scroll of earth h - a cursed scroll of earth F - an uncursed scroll of enchant armor n - 2 uncursed scrolls of enchant weapon m - an uncursed scroll of light j - 2 uncursed scrolls of magic mapping Y - an uncursed scroll of magic mapping r - an uncursed scroll of taming v - an uncursed scroll of teleportation Potions M - a blessed potion of extra healing Rings I - a cursed ring of aggravate monster z - an uncursed ring of cold resistance C - an uncursed ring of poison resistance H - an uncursed ring of poison resistance Wands u - a wand of enlightenment (0:10) S - a wand of fire (0:3) d - a wand of light (0:14) A - a wand of light (0:14) T - a wand of polymorph (0:7) Z - a wand of speed monster (0:4) Tools b - an uncursed bag of holding containing 6 items c - an expensive camera (0:21) q - a cursed lock pick w - an uncursed magic whistle l - an uncursed skeleton key Gems/Stones B - an uncursed worthless piece of green glass J - 2 uncursed worthless pieces of white glass Contents of the bag of holding: an uncursed very rusty +0 pair of iron shoes an uncursed potion of water an uncursed potion of sleeping a cursed potion of levitation 2 uncursed potions of hallucination an uncursed potion of invisibility Numbgoon the Tourist's attributes: Background: You were an Excursionist, a level 9 male human Tourist. You were neutral, on a mission for The Lady who was opposed by Blind Io (lawful) and Offler (chaotic). You were in Sokoban, on level 2. You entered the dungeon 7072 turns ago. You had 2646 experience points, 2474 more were needed to attain level 10. Your score was 13474 before end-of-game adjustments. Basics: You had 67 out of 77 hit points. You had all 24 energy points (spell power). Your armor class was 2. Your wallet contained 2918 zorkmids. Autopickup was off. Final Characteristics: Your strength was 13 (limit:18/100). Your dexterity was 12 (limit:18). Your constitution was 17 (limit:18). Your intelligence was 12 (limit:18). Your wisdom was 9 (limit:18). Your charisma was 18 (limit:18). Final Status: You were not hungry. You were unencumbered. You were wielding a hammer. You had basic skill with hammer. Final Attributes: You were piously aligned. You were sleep resistant. You saw invisible. You were guarded. You were fast. You survived. Miscellaneous: You encountered 1 bones level. Total elapsed playing time was 5 hours, 45 minutes and 3 seconds. Vanquished creatures: a ghost a giant mimic a warg a small mimic a gelatinous cube a tengu an ochre jelly a human mummy a wraith an ettin zombie a chameleon a giant beetle a cockatrice a lynx a gremlin a leprechaun an iron piercer a mumak a giant spider a scorpion an ice vortex a vampire bat an orc mummy 3 ogres a brown pudding a rust monster an owlbear a gold golem a Green-elf 2 lizards a dog 2 blue jellies a plains centaur 2 snakes a human zombie a soldier ant a fire ant 2 imps 2 quasits 2 wood nymphs an Uruk-hai an orc shaman 2 rock moles 3 yellow lights 4 gnome leaders a gnomish wizard 2 gray oozes 4 elf zombies a straw golem a giant ant a little dog a kitten 9 dwarves a kobold leader 14 hill orcs 7 rothes a centipede a monkey 4 orc zombies 4 dwarf zombies 2 iguanas 11 killer bees a coyote a gas spore 7 hobbits 12 manes 4 giant rats a cave spider 2 yellow molds 26 gnomes 3 geckos 4 jackals 3 foxes 4 goblins 3 grid bugs 4 lichens 2 kobold zombies 8 newts 209 creatures vanquished. No species were genocided or became extinct. Voluntary challenges: You read items or engraved 11 times. You never engraved Elbereth. You never genocided any monsters. You never polymorphed an object. You never changed form. You used no wishes. You did not violate any of the special Sokoban rules. Achievements: You entered the Gnomish Mines. You attained the rank of Sightseer. You entered Minetown. You entered a shop. You entered a temple. You attained the rank of Excursionist. You entered Sokoban. The Dungeons of Doom: levels 1 to 6 Level 1: Some fountains, a sink. Level 2: Level 3: A grave. Level 4: An altar to The Lady, a fountain. Stairs down to The Gnomish Mines. Level 5: Level 6: Stairs up to Sokoban, level 5. The Gnomish Mines: levels 5 to 8 Level 5: Level 6: Level 7: Level 8: Many shops, a temple to The Lady, some fountains, a grave. Final resting place for Kevkat-Pri-Elf-Fem-Cha, killed by a dwarf. Sokoban: levels 5 up to 2 Level 2: <- You were here. Solved. Level 3: Solved. Level 4: Solved. Level 5: Solved. Aloha Numbgoon the Tourist... You quit in Sokoban on dungeon level 2 with 13474 points, and 2918 pieces of gold, after 7072 moves. You were level 9 with a maximum of 77 hit points when you quit.